[Event "Titled Tuesday Blitz December 27 Early 2022"]
[White "Marjanovic, Annamaria"]
[Black "Demidov, Mikhail"]
[WhiteFideId "750930"]
[BlackFideId "4197143"]
[WhiteElo "2273"]
[BlackElo "2583"]
[Result "1-0"]
[Round "08"]
[TimeControl "180+2"]
[Date "2022.12.27"]
[WhiteClock "0:00:09"]
[BlackClock "0:00:07"]

1. c4 e5 2. g3 Nc6 3. Bg2 Bc5 4. Nc3 a6 5. e3 Ba7 6. Nge2 d6 7. a3 Nge7 8. O-O h5 9. h4 Bg4 10. b4 Qd7 11. b5 axb5 12. cxb5 Nd8 13. d4 exd4 14. exd4 O-O 15. Be3 Nf5 16. Qd3 Re8 17. Nf4 c6 18. a4 d5 19. a5 Bb8 20. Bd2 Nd6 21. bxc6 bxc6 22. Na4 Nc4 23. Nc5 Qc8 24. Rfe1 Rf8 25. Nxd5 cxd5 26. Bxd5 Nxd2 27. Bxa8 Bxg3 28. fxg3 Qxa8 29. Qxd2 Nc6 30. Qg2 Rc8 31. a6 Qa7 32. Qf2 Rd8 33. Nb7 Rxd4 34. Re8+ Kh7 35. Rae1 Qxa6 36. Qxf7 Qd3 37. Qg8+ Kh6 38. Qh8+ Kg6 39. R8e6+ Bxe6 40. Rxe6+ Kf5 41. Qxh5+ Kxe6 42. Nc5+ Kf6 43. Nxd3 Rxd3 44. Qg5+ Ke6 45. Qg6+ 1-0


[Site "https://www.chess.com"]

[Event "Titled Tuesday Blitz December 27 Early 2022"]
[White "Martic, Ivan"]
[Black "Najdin, Danil"]
[WhiteFideId "929301"]
[BlackFideId "4172426"]
[WhiteElo "2301"]
[BlackElo "2235"]
[Result "0-1"]
[Round "08"]
[TimeControl "180+2"]
[Date "2022.12.27"]
[WhiteClock "0:01:01"]
[BlackClock "0:00:20"]

1. d4 Nf6 2. Bg5 e6 3. Nd2 h6 4. Bh4 g5 5. Bg3 Nh5 6. e3 Nxg3 7. hxg3 Bg7 8. Bd3 c5 9. c3 Nc6 10. Ne2 d5 11. g4 e5 12. Ng3 exd4 13. exd4 Qe7+ 14. Kf1 cxd4 15. c4 Ne5 16. Bf5 dxc4 17. Nxc4 O-O 18. Rc1 Nxc4 19. Rxc4 Be6 20. Rc1 Rac8 21. Qd2 Rxc1+ 22. Qxc1 Rc8 23. Qd2 Qc5 24. Bxe6 fxe6 25. Ke2 Qb5+ 26. Kd1 d3 27. Qe3 Qc4 28. Qd2 Qxa2 29. Qxd3 Qxb2 30. Ne2 Qa1+ 31. Kd2 Qxh1 32. Qd7 Rf8 33. Qxe6+ Kh8 34. Qe4 Qa1 35. Qxb7 Rd8+ 36. Ke3 Qe5+ 37. Kf3 Rd3# 0-1


[Site "https://www.chess.com"]

[Event "Titled Tuesday Blitz December 27 Early 2022"]
[White "Martinez Alcantara, Jose Eduardo"]
[Black "Firouzja, Alireza"]
[WhiteFideId "3805662"]
[BlackFideId "12573981"]
[WhiteElo "2619"]
[BlackElo "2785"]
[Result "1/2-1/2"]
[Round "08"]
[TimeControl "180+2"]
[Date "2022.12.27"]
[WhiteClock "0:00:03"]
[BlackClock "0:00:05"]

1. e4 c6 2. d4 d5 3. e5 Bf5 4. h4 h5 5. Bd3 Bxd3 6. Qxd3 e6 7. Nf3 Ne7 8. Bg5 Qa5+ 9. Nbd2 Nf5 10. O-O Nd7 11. c4 Be7 12. Bxe7 Nxe7 13. Rfd1 Nf5 14. b3 Nf8 15. Nf1 Ng6 16. g3 Rd8 17. Qe2 Nge7 18. Rd2 O-O 19. Rad1 dxc4 20. bxc4 b5 21. Ng5 g6 22. Ne4 bxc4 23. Qxc4 Kg7 24. Nh2 Qd5 25. Qe2 Qb5 26. Nf3 Qxe2 27. Rxe2 Rb8 28. Rd3 Rfd8 29. Ra3 Rb7 30. Nc5 Rc7 31. Na6 Rcc8 32. Nc5 Ra8 33. Rb2 Nxd4 34. Nxd4 Rxd4 35. Rb7 Kf8 36. Nd7+ Kg7 37. Nc5 Kf8 38. Raxa7 Rxa7 39. Rxa7 Rd5 40. Nd7+ Kg7 41. a4 Nf5 42. a5 Nd4 43. Kg2 Nb3 44. a6 Nc5 45. Nb8 Rd2 46. Rc7 Ra2 47. a7 Ne4 48. Nxc6 Nxf2 49. Kf1 Ng4 50. Rc8 Nh2+ 51. Ke1 Nf3+ 52. Kd1 Nxe5 53. Nxe5 Rxa7 54. Ke2 Ra5 55. Nf3 Ra2+ 56. Ke3 Ra3+ 57. Kf2 Ra2+ 58. Kf1 Ra1+ 59. Kg2 Ra2+ 60. Kh3 Ra7 61. Rc3 Rd7 62. Ng5 Ra7 63. Rd3 Rb7 64. Rc3 Rd7 65. Rb3 Ra7 66. Kg2 Rc7 67. Kf3 Rd7 68. Kf4 Rc7 69. Ke3 Rd7 70. Rc3 Ra7 71. Ke4 Ra4+ 72. Kf3 Ra7 73. Ne4 Rd7 74. Rb3 Rc7 75. Nd6 Rd7 76. Rb6 Kf8 77. Ke4 Ra7 78. Rb8+ Kg7 79. Ne8+ Kf8 80. Nf6+ Kg7 81. Ne8+ Kf8 82. Kf4 Ke7 83. Ng7 Ra4+ 84. Kf3 Kf6 85. Ne8+ Ke7 86. Nc7 Rc4 87. Nb5 Rc6 88. Nd4 Ra6 89. Ke4 Kf6 90. Rb2 Ra3 91. Rf2+ Kg7 92. Nf3 Ra4+ 93. Ke3 Ra3+ 94. Ke2 f6 95. Kf1 e5 96. Kg2 Kf7 97. Rb2 Ke6 98. Rb6+ Kf5 99. Rb5 Kg4 100. Nh2+ Kf5 101. Rb2 Rc3 102. Nf1 Kg4 103. Rb4+ Kf5 104. Kf2 Rc2+ 105. Kf3 Rc6 106. Ne3+ Ke6 107. Ra4 Rd6 108. Ra8 f5 109. Nc4 Rd3+ 110. Kf2 e4 111. Ra6+ Kd5 112. Ne3+ Ke5 113. Rxg6 Rd2+ 114. Ke1 Rh2 115. Rg5 Kd4 116. Nxf5+ Kd3 117. Kf1 e3 118. Nxe3 Kxe3 119. Kg1 Ra2 120. Rxh5 Kf3 121. Rg5 Rg2+ 122. Kh1 Ra2 123. h5 Rb2 124. Rg6 Rb1+ 125. Kh2 Rb5 126. h6 Rh5+ 127. Kg1 Rh3 128. Rg7 Rxh6 129. Rg8 Rh3 130. Rg7 Rxg3+ 131. Rxg3+ Kxg3 1/2-1/2


[Site "https://www.chess.com"]

[Event "Titled Tuesday Blitz December 27 Early 2022"]
[White "Mathieu, Phileas"]
[Black "Altman, Joshua"]
[WhiteFideId "36048410"]
[BlackFideId "426210"]
[WhiteElo "2374"]
[BlackElo "2120"]
[Result "1-0"]
[Round "08"]
[TimeControl "180+2"]
[Date "2022.12.27"]
[WhiteClock "0:01:20"]
[BlackClock "0:00:05"]

1. d4 Nf6 2. c4 e6 3. Nf3 b6 4. g3 Bb7 5. Bg2 Bb4+ 6. Bd2 Bxd2+ 7. Nbxd2 c5 8. dxc5 bxc5 9. O-O O-O 10. Re1 Nc6 11. e4 d6 12. e5 dxe5 13. Nxe5 Qc7 14. Nxc6 Bxc6 15. Bxc6 Qxc6 16. Qe2 Rfd8 17. b3 h6 18. Ne4 Nxe4 19. Qxe4 Qxe4 20. Rxe4 Rd2 21. Kf1 Rad8 22. Re5 Rc2 23. Kg2 Rdd2 24. Rf1 Rxa2 25. Rxc5 Rab2 26. Rb5 Rd3 27. Rb8+ Kh7 28. Rb7 Kg6 29. b4 Rc3 30. c5 Rxc5 31. Rxf7 Rxb4 32. Rxa7 Rc2 33. h4 Rbb2 34. Ra3 e5 35. Rf3 e4 36. Re3 Kf5 37. h5 Rd2 38. Ra3 Kg4 39. Ra7 e3 40. Rxg7+ Kf5 41. Rf7+ Ke6 42. Rf3 e2 43. Re1 Kd5 44. Re3 Kd4 45. g4 Rbc2 46. Kf3 Rb2 47. R1xe2 Rxe2 48. Rxe2 Rb3+ 49. Kf4 Rb5 50. Re6 Kd3 51. f3 Rb4+ 52. Kg3 1-0


[Site "https://www.chess.com"]

[Event "Titled Tuesday Blitz December 27 Early 2022"]
[White "Matinian, Nikita"]
[Black "Makarian, Rudik"]
[WhiteFideId "24129100"]
[BlackFideId "44105681"]
[WhiteElo "2407"]
[BlackElo "2545"]
[Result "0-1"]
[Round "08"]
[TimeControl "180+2"]
[Date "2022.12.27"]
[WhiteClock "0:00:03"]
[BlackClock "0:01:24"]

1. e4 d6 2. d4 Nf6 3. Nc3 e5 4. Nf3 Nbd7 5. Bc4 Be7 6. O-O O-O 7. Re1 c6 8. a4 exd4 9. Qxd4 Ne5 10. Nxe5 dxe5 11. Qxe5 Ng4 12. Qf4 Bd6 13. e5 Nxe5 14. Rxe5 Qc7 15. Bxf7+ Kh8 16. Qh4 Bxe5 17. Bg6 h6 18. Ne4 Bf5 19. Bxf5 Rxf5 20. c3 Bf4 21. Qg4 Raf8 22. g3 Bxc1 23. Rxc1 Qb6 24. b4 a5 25. bxa5 Qxa5 26. Rb1 R5f7 27. Nd6 Rxf2 28. Rxb7 Qxc3 0-1


[Site "https://www.chess.com"]

[Event "Titled Tuesday Blitz December 27 Early 2022"]
[White "McBryde, Lamel"]
[Black "Fabris, Alberto"]
[WhiteFideId "2058596"]
[BlackFideId "801348"]
[WhiteElo "1861"]
[BlackElo "2230"]
[Result "1-0"]
[Round "08"]
[TimeControl "180+2"]
[Date "2022.12.27"]
[WhiteClock "0:00:17"]
[BlackClock "0:00:08"]

1. Nf3 Nf6 2. b3 d5 3. Bb2 Bf5 4. d4 e6 5. a3 h6 6. e3 Bd6 7. Bd3 Bxd3 8. Qxd3 O-O 9. Nbd2 c5 10. O-O Nc6 11. Ne5 Qc7 12. f4 Nd7 13. c4 cxd4 14. exd4 f5 15. Rae1 Rae8 16. Kh1 Bxe5 17. fxe5 Rf7 18. cxd5 Nd8 19. dxe6 Nxe6 20. Rxf5 Ndf8 21. Ref1 Rxf5 22. Qxf5 Qd7 23. Nc4 Qd5 24. Nd6 Re7 25. Qe4 Qxb3 26. Ba1 Qxa3 27. d5 Ng5 28. Qf5 Ngh7 29. Ne4 Qa5 30. d6 Re6 31. d7 Qd5 32. Qf7+ Kh8 33. Nd6 Rxd6 34. exd6 Qxd6 35. Qxg7# 1-0


[Site "https://www.chess.com"]

[Event "Titled Tuesday Blitz December 27 Early 2022"]
[White "Melikhov, Evgeny V."]
[Black "Bilan, Danila"]
[WhiteFideId "4122046"]
[BlackFideId "24161918"]
[WhiteElo "2269"]
[BlackElo "2303"]
[Result "0-1"]
[Round "08"]
[TimeControl "180+2"]
[Date "2022.12.27"]
[WhiteClock "0:00:16"]
[BlackClock "0:00:08"]

1. d4 d5 2. c4 c6 3. Nc3 Nf6 4. e3 e6 5. Nf3 Nbd7 6. Bd3 Bd6 7. O-O O-O 8. e4 dxc4 9. Bxc4 e5 10. Bg5 Qc7 11. d5 Nb6 12. Bb3 Bg4 13. dxc6 bxc6 14. h3 Bh5 15. Bxf6 gxf6 16. g4 Bg6 17. Qe2 Rfe8 18. Nd2 Bf8 19. Nc4 Bh6 20. f3 Rad8 21. Rad1 Bf4 22. Rxd8 Rxd8 23. Rd1 Rd4 24. Nxb6 Qxb6 25. Kg2 h5 26. Rd3 hxg4 27. hxg4 Kg7 28. Qd1 Rxd3 29. Qxd3 Qb8 30. Ne2 Qh8 31. Nxf4 exf4 32. Qd2 Qh6 33. Qf2 a5 34. Kg1 Qg5 35. Qd4 Qe5 36. Qxe5 fxe5 37. Kf2 Kf6 38. Ke2 Kg5 39. Ba4 c5 40. Be8 Kh4 41. Kf2 Kh3 42. b3 Kh2 43. a3 Kh3 44. Bb5 f6 45. Bf1+ Kh2 46. Bb5 Bf7 47. Bc4 Bxc4 48. bxc4 a4 0-1


[Site "https://www.chess.com"]

[Event "Titled Tuesday Blitz December 27 Early 2022"]
[White "Mendez Fortes, Eduardo Jesus"]
[Black "Akylbekov, Nasyr"]
[WhiteFideId "3502376"]
[BlackFideId "13800353"]
[WhiteElo "2250"]
[BlackElo "2239"]
[Result "0-1"]
[Round "08"]
[TimeControl "180+2"]
[Date "2022.12.27"]
[WhiteClock "0:00:01"]
[BlackClock "0:01:21"]

1. e4 e5 2. Nf3 Nc6 3. Bb5 a6 4. Ba4 Nf6 5. O-O Be7 6. Re1 b5 7. Bb3 O-O 8. c3 d5 9. exd5 Nxd5 10. Nxe5 Nxe5 11. Rxe5 Nf6 12. d4 Bd6 13. Re1 Ng4 14. h3 Qh4 15. Qf3 Nxf2 16. Re2 Ng4 17. Bf4 Bb7 18. Qxb7 Bxf4 19. Qf3 Nf6 20. Na3 Rae8 21. Rxe8 Rxe8 22. Rf1 Bd6 23. Nc2 Qg5 24. Ne1 Qg3 25. Qxg3 Bxg3 26. Nf3 Re7 27. Bd1 h6 28. a4 Nd5 29. Bb3 Ne3 30. Ra1 g5 31. axb5 axb5 0-1


[Site "https://www.chess.com"]

[Event "Titled Tuesday Blitz December 27 Early 2022"]
[White "Mills, Morgen"]
[Black "Bas Mas, Jose Joaquin"]
[WhiteFideId "2013304"]
[BlackFideId "22219064"]
[WhiteElo "2009"]
[BlackElo "2197"]
[Result "0-1"]
[Round "08"]
[TimeControl "180+2"]
[Date "2022.12.27"]
[WhiteClock "0:01:22"]
[BlackClock "0:01:37"]

1. e4 c5 2. Nf3 d6 3. Bb5+ Bd7 4. Bxd7+ Nxd7 5. O-O e5 6. c3 g6 7. d4 Bg7 8. Qe2 Ne7 9. Rd1 O-O 10. Bg5 h6 11. Bh4 g5 12. Bg3 Ng6 13. Na3 cxd4 14. cxd4 Nf4 15. Bxf4 exf4 16. Nb5 Qb6 17. Nc3 Rfe8 18. Nd5 Qa5 19. b4 Qxd5 0-1


[Site "https://www.chess.com"]

[Event "Titled Tuesday Blitz December 27 Early 2022"]
[White "Mitrovic, Darko R"]
[Black "Levitan, Caleb Levi"]
[WhiteFideId "927023"]
[BlackFideId "14332620"]
[WhiteElo "2220"]
[BlackElo "2129"]
[Result "1-0"]
[Round "08"]
[TimeControl "180+2"]
[Date "2022.12.27"]
[WhiteClock "0:00:02"]
[BlackClock "0:00:01"]

1. d4 Nf6 2. Nf3 e6 3. g3 d5 4. Bg2 c5 5. O-O Nc6 6. c4 Be7 7. cxd5 exd5 8. Nc3 O-O 9. dxc5 Bxc5 10. Bg5 Be6 11. Rc1 Be7 12. Nd4 Nxd4 13. Qxd4 h6 14. Bf4 Rc8 15. Qxa7 Qd7 16. Qd4 Bc5 17. Qd2 Rfd8 18. Be5 Ne8 19. e3 Nd6 20. b3 Ba3 21. Rcd1 Bb4 22. Bxd5 Bxd5 23. Qxd5 Bxc3 24. Qxd6 Qxd6 25. Bxd6 Rc6 26. Be7 Rxd1 27. Rxd1 Ra6 28. a4 f6 29. Rd3 Be5 30. Bc5 Rc6 31. Bd4 Bd6 32. Kg2 Bb4 33. h4 Kf7 34. h5 g6 35. hxg6+ Kxg6 36. Bb2 Rc2 37. Bd4 Be1 38. e4 f5 39. exf5+ Kxf5 40. Be3 Ke4 41. Rd7 Re2 42. Rxb7 Rb2 43. Rb5 1-0


[Site "https://www.chess.com"]

[Event "Titled Tuesday Blitz December 27 Early 2022"]
[White "Mohammadian, Mohammad"]
[Black "Koridze, Lile"]
[WhiteFideId "12566055"]
[BlackFideId "13612514"]
[WhiteElo "1398"]
[BlackElo "2191"]
[Result "0-1"]
[Round "08"]
[TimeControl "180+2"]
[Date "2022.12.27"]
[WhiteClock "0:00:04"]
[BlackClock "0:01:04"]

1. e4 c5 2. Nf3 d6 3. d4 cxd4 4. Nxd4 Nf6 5. Nc3 a6 6. Be2 e5 7. Nb3 Be7 8. Be3 O-O 9. O-O Be6 10. Qe1 b5 11. a3 Nbd7 12. Rd1 Qc7 13. f3 Nb6 14. Rd2 Rfd8 15. Qf2 Nc4 16. Bxc4 Qxc4 17. Rfd1 d5 18. exd5 Nxd5 19. Nxd5 Rxd5 20. Rxd5 Bxd5 21. Rd2 Be6 22. h3 h6 23. Nc5 Bxc5 24. Bxc5 Rc8 25. Bb4 e4 26. fxe4 Qxe4 27. Bc3 Qg6 28. Kh2 Rc4 29. Rd8+ Kh7 30. Qe2 Rh4 31. Rd3 Qf5 32. Rg3 f6 33. Qe3 Re4 34. Qa7 Bd7 35. Qxa6 Qf4 36. Qb7 Re3 37. Be1 Qd6 0-1


[Site "https://www.chess.com"]

[Event "Titled Tuesday Blitz December 27 Early 2022"]
[White "Mohammed, Zozek Salah Mohammed"]
[Black "Vlassov, Nikolai"]
[WhiteFideId "4803361"]
[BlackFideId "4103360"]
[WhiteElo "2210"]
[BlackElo "2283"]
[Result "1-0"]
[Round "08"]
[TimeControl "180+2"]
[Date "2022.12.27"]
[WhiteClock "0:01:11"]
[BlackClock "0:00:27"]

1. d4 Nf6 2. Nf3 e6 3. g3 b5 4. Bg2 Bb7 5. O-O c5 6. c3 Na6 7. Nbd2 Be7 8. Re1 O-O 9. e4 cxd4 10. cxd4 Rc8 11. e5 Nd5 12. Ne4 Nab4 13. Re2 Qc7 14. Bg5 f6 15. Rc1 Qb6 16. exf6 Nxf6 17. Nxf6+ gxf6 18. Bh6 Rfe8 19. a3 Nd5 20. Rec2 Rxc2 21. Rxc2 Rc8 22. Ne5 Kh8 23. Nf7+ Kg8 24. Qg4+ Kxf7 25. Qg7+ 1-0


[Site "https://www.chess.com"]

[Event "Titled Tuesday Blitz December 27 Early 2022"]
[White "Moral Garcia, Serafin"]
[Black "Petrovic, Aleksa"]
[WhiteFideId "2201925"]
[BlackFideId "967629"]
[WhiteElo "2238"]
[BlackElo "2332"]
[Result "1/2-1/2"]
[Round "08"]
[TimeControl "180+2"]
[Date "2022.12.27"]
[WhiteClock "0:00:09"]
[BlackClock "0:00:04"]

1. Nf3 Nf6 2. b3 e6 3. Bb2 Be7 4. c4 b6 5. e3 O-O 6. Nc3 Bb7 7. d4 c5 8. d5 exd5 9. cxd5 d6 10. Be2 Re8 11. O-O a6 12. a4 Bf8 13. Qd3 Nbd7 14. Rfd1 g6 15. e4 Bg7 16. Rac1 Nxe4 17. Bf1 Nxc3 18. Bxc3 Bxc3 19. Qxc3 Ne5 20. Ne1 Qh4 21. g3 Qf6 22. Bh3 Bc8 23. Bg2 h5 24. Rc2 Bg4 25. f3 Bf5 26. Re2 h4 27. Rdd2 hxg3 28. hxg3 b5 29. Re3 bxa4 30. bxa4 Rab8 31. Rde2 Kf8 32. Bf1 Nd7 33. Rxe8+ Rxe8 34. Rxe8+ Kxe8 35. Qe3+ Qe5 36. Qxe5+ Nxe5 37. Bxa6 Kd7 38. Bb5+ Kc7 39. a5 Bd7 40. Bf1 g5 41. Kf2 f5 42. Ke3 Ng6 43. f4 gxf4+ 44. gxf4 Ne7 45. Bc4 Bc8 46. Nf3 Bb7 47. Nh4 Bxd5 48. Bd3 Be6 49. Nf3 Nd5+ 50. Kd2 Nxf4 51. Bc2 Nd5 52. Nh4 Ne7 53. Ke3 Kb7 54. Bd3 c4 55. Bc2 Ka6 56. Kd4 Kxa5 57. Ng2 Kb4 58. Nf4 Bf7 59. Ne2 Nc6+ 60. Ke3 d5 61. Kf4 d4 62. Bxf5 d3 63. Ng3 Kc3 64. Ne4+ Kd4 65. Nd6 d2 66. Bg4 Be6 67. Bd1 c3 68. Nb5+ Kc4 69. Nd6+ Kb4 70. Ke3 Ne5 71. Kd4 Nc4 72. Ne4 Nb2 73. Nxc3 Bb3 74. Nb1 Bxd1 75. Nxd2 Bc2 76. Nf3 Na4 77. Ne5 Nc3 78. Nc6+ Kb3 79. Na5+ Kb2 80. Nc4+ Kb3 81. Na5+ Kb4 82. Nc6+ Kb5 83. Kxc3 1/2-1/2


[Site "https://www.chess.com"]

[Event "Titled Tuesday Blitz December 27 Early 2022"]
[White "Moreno Perez, Tobias Sebastian"]
[Black "Belozerov, Andrei"]
[WhiteFideId "186716"]
[BlackFideId "4120213"]
[WhiteElo "2256"]
[BlackElo "2461"]
[Result "0-1"]
[Round "08"]
[TimeControl "180+2"]
[Date "2022.12.27"]
[WhiteClock "0:00:01"]
[BlackClock "0:00:50"]

1. Nf3 d5 2. b3 Bg4 3. Bb2 Bxf3 4. exf3 e6 5. g3 Nf6 6. Bg2 g6 7. O-O Bg7 8. f4 O-O 9. d3 c5 10. c4 Nc6 11. Nd2 Nh5 12. Bxg7 Nxg7 13. Rc1 b6 14. Nf3 Nf5 15. Ne5 Nxe5 16. fxe5 Rb8 17. cxd5 exd5 18. Qf3 Nd4 19. Qe3 Re8 20. f4 a5 21. Kh1 Qd7 22. Qf2 Rbd8 23. Rce1 Kg7 24. h4 h5 25. Kh2 Re7 26. Bh3 Qc6 27. f5 gxf5 28. Bxf5 Rde8 29. Bh3 Qg6 30. Qf6+ Kg8 31. Qf4 Qg7 32. e6 fxe6 33. Re5 Rf7 34. Qe3 Rxf1 35. Rg5 Nf3+ 36. Qxf3 Rxf3 0-1


[Site "https://www.chess.com"]

[Event "Titled Tuesday Blitz December 27 Early 2022"]
[White "Musovic, Armin"]
[Black "Tarasova, Viktoriya"]
[WhiteFideId "939935"]
[BlackFideId "4175840"]
[WhiteElo "2261"]
[BlackElo "2226"]
[Result "1-0"]
[Round "08"]
[TimeControl "180+2"]
[Date "2022.12.27"]
[WhiteClock "0:00:26"]
[BlackClock "0:00:04"]

1. a3 Nf6 2. Nc3 e5 3. d4 exd4 4. Qxd4 Nc6 5. Qa4 d5 6. Bg5 d4 7. O-O-O Bd7 8. Nb5 Bc5 9. Nf3 a6 10. Qc4 axb5 11. Qxc5 b4 12. Nxd4 Nxd4 13. Rxd4 bxa3 14. bxa3 b6 15. Re4+ Be6 16. Qc6+ Kf8 17. Bxf6 gxf6 18. Qc3 Qd5 19. Qxf6 Rg8 20. Re3 Qa2 21. Qc3 Rg4 22. Qb2 Qd5 23. Rd3 Qg5+ 24. e3 Rga4 25. h4 Qa5 26. Be2 Rxa3 27. Rxa3 Qxa3 28. Qxa3+ Rxa3 29. Kd2 Ra5 30. e4 h6 31. f4 Ke7 32. Bd3 Bd7 33. Rg1 Rh5 34. g3 Ra5 35. g4 1-0


[Site "https://www.chess.com"]

[Event "Titled Tuesday Blitz December 27 Early 2022"]
[White "Nguyen Hong Nhung"]
[Black "Hartikainen, Jarmo"]
[WhiteFideId "12412201"]
[BlackFideId "503134"]
[WhiteElo "2003"]
[BlackElo "2108"]
[Result "1-0"]
[Round "08"]
[TimeControl "180+2"]
[Date "2022.12.27"]
[WhiteClock "0:02:30"]
[BlackClock "0:02:15"]

1. e4 c5 2. Nc3 e6 3. f4 d5 4. Bb5+ Nc6 5. Nf3 Be7 6. exd5 exd5 7. Ne5 Qc7 8. Nxd5 Qd6 9. Nxe7 Nxe7 10. Nxc6 bxc6 11. Bc4 Qxf4 12. d3 O-O 13. Bxf4 1-0


[Site "https://www.chess.com"]

[Event "Titled Tuesday Blitz December 27 Early 2022"]
[White "Novikova, Galina"]
[Black "De Souza, Cristiano Gomes"]
[WhiteFideId "4157095"]
[BlackFideId "2151758"]
[WhiteElo "2073"]
[BlackElo "2018"]
[Result "1-0"]
[Round "08"]
[TimeControl "180+2"]
[Date "2022.12.27"]
[WhiteClock "0:01:15"]
[BlackClock "0:01:19"]

1. e4 c5 2. Nf3 d6 3. d4 cxd4 4. Nxd4 Nf6 5. Nc3 g6 6. Be3 Bg7 7. f3 O-O 8. Qd2 Nc6 9. g4 Be6 10. h4 h5 11. gxh5 Nxh5 12. Nxe6 fxe6 13. Rg1 Ne5 14. Be2 Rxf3 15. O-O-O Kh7 16. Rg5 Rxe3 17. Qxe3 Bh6 18. Kb1 Bxg5 19. hxg5 Ng7 20. Rh1+ Kg8 21. Qh3 Nf7 22. Qh7+ Kf8 23. Rf1 Nf5 24. exf5 gxf5 25. g6 Qe8 26. g7# 1-0


[Site "https://www.chess.com"]

[Event "Titled Tuesday Blitz December 27 Early 2022"]
[White "Odegov, Artem"]
[Black "Bochnicka, Vladimir"]
[WhiteFideId "34183644"]
[BlackFideId "14943450"]
[WhiteElo "2261"]
[BlackElo "2327"]
[Result "1/2-1/2"]
[Round "08"]
[TimeControl "180+2"]
[Date "2022.12.27"]
[WhiteClock "0:00:09"]
[BlackClock "0:00:26"]

1. d4 Nf6 2. c4 g6 3. Nc3 Bg7 4. e4 d6 5. h3 O-O 6. Be3 e5 7. d5 a5 8. g4 Na6 9. f3 b6 10. Nge2 Nc5 11. Ng3 Bd7 12. Qd2 c6 13. h4 cxd5 14. cxd5 b5 15. h5 b4 16. Nd1 Rc8 17. Bh6 Bxg4 18. Bxg7 Bxf3 19. Bxf6 Qxf6 20. Rh2 Nxe4 21. Nxe4 Bxe4 22. Ne3 Qg5 23. Bh3 Qg3+ 24. Qf2 Qxf2+ 25. Kxf2 f5 26. hxg6 hxg6 27. Rg1 Kg7 28. Bf1 f4 29. Ng4 Rc2+ 30. Ke1 Rc1+ 31. Kd2 Rfc8 32. Bd3 Rxg1 33. Bxe4 Rxg4 34. a3 bxa3 35. bxa3 Rg3 36. Bd3 f3 37. Be4 Rc4 38. Ke3 f2+ 39. Kxf2 Rxa3 40. Bg2 Rc2+ 41. Kg1 Ra1+ 42. Bf1 Rxf1+ 43. Kxf1 Rxh2 44. Kg1 a4 45. Kxh2 a3 46. Kg3 a2 47. Kf3 a1=Q 48. Ke4 Qd4+ 49. Kf3 Qf4+ 50. Kg2 e4 51. Kh3 Qg5 52. Kh2 Qg4 53. Kh1 Kf6 54. Kh2 Kf5 55. Kh1 Kf4 56. Kh2 Kf3 57. Kh1 Qg3 1/2-1/2


[Site "https://www.chess.com"]

[Event "Titled Tuesday Blitz December 27 Early 2022"]
[White "Omariev, Maksim"]
[Black "Sanchez, Robert"]
[WhiteFideId "4193423"]
[BlackFideId "2034360"]
[WhiteElo "2304"]
[BlackElo "1966"]
[Result "0-1"]
[Round "08"]
[TimeControl "180+2"]
[Date "2022.12.27"]
[WhiteClock "0:00:01"]
[BlackClock "0:00:11"]

1. e4 e6 2. d4 d5 3. Nc3 Nf6 4. e5 Nfd7 5. f4 c5 6. Nf3 Nc6 7. Ne2 cxd4 8. Nexd4 Nxd4 9. Nxd4 Nc5 10. c3 Be7 11. Be3 O-O 12. Be2 f6 13. exf6 Bxf6 14. O-O Ne4 15. Bd3 Nd6 16. Qc2 g6 17. Rae1 Bd7 18. Kh1 Rc8 19. Bg1 Re8 20. Nf3 Nc4 21. Bxg6 hxg6 22. Qxg6+ Bg7 23. Bd4 e5 24. fxe5 Re6 25. Qg3 Qe7 26. Ng5 Nd2 27. Rf7 Ne4 28. Rxe4 dxe4 29. Rxe7 Rxe7 30. Nxe4 Rf8 31. Nf6+ Kf7 32. h4 Be6 33. h5 Rh8 34. Qg6+ Kf8 35. g4 Rh6 36. Qg5 Rf7 37. Qe3 Bxf6 38. exf6 Bd5+ 39. Kg1 Rhh7 40. Qe5 Rd7 0-1


[Site "https://www.chess.com"]

[Event "Titled Tuesday Blitz December 27 Early 2022"]
[White "Oparin, Grigoriy"]
[Black "Babazada, Khazar"]
[WhiteFideId "24125890"]
[BlackFideId "13413554"]
[WhiteElo "2667"]
[BlackElo "2474"]
[Result "0-1"]
[Round "08"]
[TimeControl "180+2"]
[Date "2022.12.27"]
[WhiteClock "0:00:01"]
[BlackClock "0:00:26"]

1. e4 c5 2. Nf3 d6 3. d4 cxd4 4. Nxd4 Nf6 5. Nc3 Nc6 6. Bg5 Bd7 7. Qd2 a6 8. Nxc6 Bxc6 9. f3 e6 10. O-O-O Be7 11. h4 Qc7 12. Kb1 b5 13. Ne2 Rc8 14. Nd4 Bd7 15. Bd3 h6 16. Be3 d5 17. e5 Qxe5 18. g4 Qc7 19. g5 Nh5 20. Rhe1 hxg5 21. hxg5 g6 22. f4 Ng3 23. Qg2 Ne4 24. Bxe4 dxe4 25. Qxe4 Bc6 26. Nxc6 Qxc6 27. Qd3 Rd8 28. Qe2 Rxd1+ 29. Rxd1 Rh1 30. a3 a5 31. Bc1 Rxd1 32. Qxd1 Bd6 33. Qd4 Qd5 34. Qc3 b4 35. Qc8+ Ke7 36. a4 b3 37. cxb3 Qxb3 38. Qc2 Qd5 39. b3 Bb4 40. Qc4 Qb7 41. Kc2 f6 42. gxf6+ Kxf6 43. Bb2+ Kf5 44. Qb5+ Qd5 45. Qxd5+ exd5 46. Bc1 Ke4 47. Kd1 Kd3 48. Bb2 d4 49. Bc1 Kc3 50. Ke2 Kc2 0-1


[Site "https://www.chess.com"]

[Event "Titled Tuesday Blitz December 27 Early 2022"]
[White "Ordekalog"]
[Black "Golizadeh, Asghar"]
[BlackFideId "12505269"]
[WhiteElo "2826"]
[BlackElo "2455"]
[Result "1-0"]
[Round "08"]
[TimeControl "180+2"]
[Date "2022.12.27"]
[WhiteClock "0:00:13"]
[BlackClock "0:00:04"]

1. e4 c5 2. d3 g6 3. g3 Bg7 4. Bg2 d6 5. f4 Nf6 6. Nf3 O-O 7. O-O Nc6 8. c3 e5 9. f5 gxf5 10. Nh4 f4 11. gxf4 Nxe4 12. dxe4 Qxh4 13. Qxd6 Bh3 14. Qxc5 Qg4 15. Qf2 exf4 16. Bxf4 Nd4 17. Bg3 Bxg2 18. Qxg2 Ne2+ 19. Kh1 Nxg3+ 20. hxg3 f5 21. Nd2 Bh6 22. Rae1 Rad8 23. Nc4 fxe4 24. Rxf8+ Rxf8 25. Rxe4 Qh5+ 26. Rh4 Qd1+ 27. Kh2 Re8 28. Re4 Qh5+ 29. Kg1 Be3+ 30. Nxe3 Rd8 31. Rd4 Rxd4 32. cxd4 Qh6 33. Qd5+ Kf8 34. Qf5+ Ke8 35. Qc8+ Ke7 36. Qxb7+ Ke8 37. Qe4+ Kd8 38. Kg2 Qb6 39. b3 Qa6 40. a4 Qe2+ 41. Kh3 h5 42. Qd5+ Ke8 43. Qe6+ Kf8 44. Qf5+ Kg8 45. Qg5+ Kh7 46. Qf5+ Kh6 47. Qf4+ Kh7 48. d5 Qe1 49. Qe4+ Kh6 50. Nf5+ Kg5 51. Qxe1 Kxf5 52. Qe3 Kf6 53. Qxa7 Kf5 54. Qe3 1-0


[Site "https://www.chess.com"]

[Event "Titled Tuesday Blitz December 27 Early 2022"]
[White "Orujov, Elshad"]
[Black "Bogaudinov, Rushan"]
[WhiteFideId "13403540"]
[BlackFideId "4129288"]
[WhiteElo "2304"]
[BlackElo "1939"]
[Result "0-1"]
[Round "08"]
[TimeControl "180+2"]
[Date "2022.12.27"]
[WhiteClock "0:01:04"]
[BlackClock "0:01:15"]

1. e4 d6 2. Nf3 c5 3. d4 cxd4 4. Nxd4 Nf6 5. Nc3 a6 6. h3 g6 7. Be3 Bg7 8. Qd2 Nc6 9. O-O-O Bd7 10. g4 Rc8 11. g5 Ng8 12. h4 h5 13. f4 Qa5 14. Kb1 e6 15. Nxc6 Rxc6 16. Bd4 e5 17. fxe5 Bxe5 18. Bxe5 Qxe5 19. Bc4 Ne7 20. Rhf1 Rxc4 21. Qxd6 Qxd6 22. Rxd6 Be6 23. Nd5 Nxd5 24. exd5 Bf5 25. Re1+ Kf8 26. Rb6 Rxc2 27. Ka1 Kg7 28. Rxb7 Rhc8 29. a3 Rc1+ 30. Rxc1 Rxc1+ 31. Ka2 Rd1 32. Rb6 a5 33. Rb5 a4 34. b3 Rd2+ 35. Ka1 axb3 36. Rxb3 Rxd5 37. Rb4 Rd3 38. a4 Rh3 39. Kb2 Bg4 40. a5 Rxh4 41. a6 Rh2+ 42. Ka3 Be6 43. Rb6 Ra2+ 44. Kb4 Rb2+ 45. Ka5 Rxb6 46. a7 Bd5 47. Kxb6 h4 0-1


[Site "https://www.chess.com"]